 Dungeon Crawl Stone Soup version 0.15.2 (webtiles) character file.

2866 Amnesiac the Martial Artist (level 9, -11/69 HPs)
             Began as a Mummy Monk on Mar 27, 2018.
             Mangled by a gnoll
             ... wielding a +0 halberd
              (15 damage)
             ... on Level 7 of the Dungeon.
             The game lasted 00:27:10 (25828 turns).

Amnesiac the Martial Artist (Mummy Monk)           Turns: 25828, Time: 00:27:10

HP -11/69        AC  2     Str 14      XL: 9   Next: 47%
MP   9/9         EV 16     Int  9      God:
Gold 392         SH  0     Dex 17      Spells:  0 memorised,  8 levels left

rFire  x . .     SeeInvis .       - Unarmed
rCold  + . .     Clarity  .     (no armour)
rNeg   + + +     rCorr    .     (no shield)
rPois  +         rRot     +     (no helmet)
rElec  .         Spirit   .     a - +1 cloak
SustAb +         Warding  .     (no gloves)
rMut   .         Stasis   .     (no boots)
Gourm  .                        (no amulet)
MR     +....                    e - ring of sustain abilities
                                (no ring)

@: somewhat resistant to hostile enchantments, unstealthy
A: no food or potions, fire vulnerability, restore body, cold resistance 1,
negative energy resistance 3, poison resistance, torment resistance, unbreathing
a: no special abilities


You were on level 7 of the Dungeon.
You were not hungry.

You visited 1 branch of the dungeon, and saw 9 of its levels.

You collected 392 gold pieces.

Inventory:

Armour
 a - a +1 cloak (worn)
Scrolls
 b - 2 scrolls of teleportation
 c - 3 scrolls of magic mapping
 g - 2 scrolls of noise
 h - a scroll of remove curse
 i - a scroll of fog
 j - a scroll of blinking
Jewellery
 d - an uncursed ring of fire
 e - a ring of sustain abilities (right hand)


   Skills:
 - Level 6.0 Fighting
 + Level 6.3 Dodging
 - Level 1.5 Stealth
 - Level 9.0 Unarmed Combat


You had 8 spell levels left.
You didn't know any spells.

Dungeon Overview and Level Annotations

Branches:
Dungeon (9/15)             Temple (0/1) D:7            Lair (0/8) D:8
    Orc: D:9-12

Altars:
Xom

Annotations:
D:7 Dowan, Duvessa, Joseph


Innate Abilities, Weirdness & Mutations

You do not eat or drink.
Your flesh is vulnerable to fire.
Your flesh is cold resistant.
You are immune to negative energy.
Your system is resistant to poisons.
You are immune to unholy pain and torment.
You can survive without breathing.


Message History

Dowan misses you. The gnoll completely misses you. Dowan closely misses you.
You miss Dowan.
Dowan is almost dead.
Dowan generates a fountain of clear water, and laughs cruelly.
Dowan hits you with a glowing dagger.
* * * LOW HITPOINT WARNING * * *
The gnoll sergeant closely misses you. Dowan closely misses you.
A gnoll comes into view. It is wielding a whip.
The gnoll sergeant hits you from afar with a trident.
* * * LOW HITPOINT WARNING * * *
A gnoll comes into view. It is wielding a halberd.
Dowan points at you and mumbles some strange words.
The puff of frost hits you! You resist.
* * * LOW HITPOINT WARNING * * *
Duvessa shouts!
Dowan casts a spell.
Dowan is healed somewhat.
The gnoll hits you from afar with a halberd!
You die...

####
##.....####..#.#.##.##
...#
##...######..##.#.####
######..#..##....###.#.#
#!.....###)##)#### #.#.#
#.###### #.(...## #.#.#
# ####..e####.>.# .#
#.#..g....## #.#
####.#...##.## .(#
#......@###.# .#
#.......###%#### ##
#..)...g.......#
#.....ge....g..#
#..............#
#######........#
#.....<..# ##########


You could see Duvessa, a gnoll sergeant, Dowan and 2 gnolls.

Vanquished Creatures
  A hippogriff (D:7)
  A black bear (D:6)
  A sky beast (D:5)
  4 ice beasts
  2 ogres
  A phantom (D:4)
  A big kobold (D:7)
  3 centaurs
  Blork the orc (D:5)
  3 giant frogs
  A jelly (D:6)
  2 crimson imps
  4 orc priests
  A gnoll shaman (D:6)
  A giant frog skeleton (D:6)
  2 centaur skeletons
  2 iguanas (D:5)
  6 hounds
  6 orc wizards
  5 worker ants
  Ijyb (D:7)
  A big kobold zombie (D:8)
  A hound zombie (D:7)
  A worker ant zombie (D:6)
  An orc skeleton (D:5)
  10 adders
  8 gnolls
  2 shadow imps (D:5)
  A giant mite (D:6)
  4 worms
  An iguana zombie (D:7)
  6 giant geckos
  39 orcs
  17 bats
  10 giant cockroaches
  16 goblins
  28 hobgoblins
  11 jackals
  3 quokkas
  3 ball pythons
  A giant gecko skeleton (D:7)
  13 giant newts
  19 kobolds
  An orc zombie (D:5)
  14 rats
260 creatures vanquished.

Vanquished Creatures (others)
  A plant (D:7)
1 creature vanquished.

Grand Total: 261 creatures vanquished

Notes
Turn   | Place    | Note
--------------------------------------------------------------
     0 | D:1      | Amnesiac, the Mummy Monk, began the quest for the Orb.
     0 | D:1      | Reached XP level 1. HP: 18/18 MP: 1/1
   765 | D:2      | Found a shimmering altar of Xom.
   793 | D:2      | Reached XP level 2. HP: 24/24 MP: 2/2
  1462 | D:1      | Reached skill level 4 in Unarmed Combat
  1462 | D:1      | Reached XP level 3. HP: 22/29 MP: 3/3
  2524 | D:2      | Reached XP level 4. HP: 27/35 MP: 4/4
  3368 | D:3      | Reached skill level 5 in Unarmed Combat
  3905 | D:3      | Reached XP level 5. HP: 22/41 MP: 5/5
  8345 | D:2      | Found a shimmering altar of Xom.
 10580 | D:4      | Noticed a phantom
 10859 | D:4      | HP: 2/41 [orc priest/divine providence (13)]
 11315 | D:4      | Reached XP level 6. HP: 28/47 MP: 6/6
 11596 | D:5      | Entered Level 5 of the Dungeon
 12903 | D:5      | Reached skill level 6 in Unarmed Combat
 13631 | D:5      | Noticed Blork the orc
 13650 | D:5      | Killed Blork the orc
 13650 | D:5      | Reached XP level 7. HP: 33/52 MP: 7/7
 14224 | D:6      | Reached skill level 7 in Unarmed Combat
 14370 | D:7      | Noticed Duvessa
 14370 | D:7      | Noticed Dowan
 14731 | D:7      | Noticed Ijyb
 14760 | D:7      | Killed Ijyb
 15078 | D:7      | Reached skill level 5 in Dodging
 15317 | D:7      | Noticed Joseph
 15324 | D:8      | Reached XP level 8. HP: 22/58 MP: 8/8
 15916 | D:8      | Found a staircase to the Lair.
 16276 | D:8      | Noticed a white ugly thing
 16495 | D:6      | Reached skill level 5 in Fighting
 18773 | D:2      | Found a shimmering altar of Xom.
 19355 | D:2      | Found a shimmering altar of Xom.
 19684 | D:2      | Found a shimmering altar of Xom.
 22204 | D:4      | Killed a phantom
 22204 | D:4      | Reached skill level 8 in Unarmed Combat
 22204 | D:4      | Reached XP level 9. HP: 18/68 MP: 9/9
 23893 | D:7      | Found a staircase to the Ecumenical Temple.
 23945 | D:7      | Reached skill level 9 in Unarmed Combat
 25828 | D:7      | Mangled by a gnoll

Action                   |  1- 3 |  4- 6 |  7- 9 || total
-------------------------+-------+-------+-------++-------
Melee: Unarmed           |   158 |   422 |   634 ||  1214
  Use: Scroll            |     2 |     5 |     4 ||    11
 Stab: Sleeping          |     1 |     7 |     5 ||    13
       Distracted        |       |       |     1 ||     1
